 Dungeon Crawl Stone Soup version 0.17-a0-2231-gd80ca38 (webtiles) character file.

375 Raultor the Sneak (level 6, -1/36 HPs)
             Began as an Octopode Enchanter on Oct 29, 2015.
             Was an Initiate of Dithmenos.
             Slain by a jelly (3 damage)
             ... on level 6 of the Dungeon.
             The game lasted 00:16:56 (4559 turns).

Raultor the Sneak (Octopode Enchanter)              Turns: 4559, Time: 00:16:59

Health: -1/36      AC: -7    Str:  8    XL:     6   Next: 72%
Magic:  1/9        EV: 13    Int: 19    God:    Dithmenos [......]
Gold:   226        SH:  0    Dex: 12    Spells: 3 memorised, 4 levels left

rFire  . . .     SeeInvis .     s - +4 rapier (elec)
rCold  . . .     Clarity  .     (no shield)
rNeg   . . .     SustAt   .     (helmet restricted)
rPois  .         Gourm    .     (no amulet)
rElec  .         Spirit   .     (no ring)
rCorr  .         Warding  .     (no ring)
rMut   .         Stasis   .     (no ring)
MR     .....                    (no ring)
Stlth  +++++.....               (no ring)
                                (no ring)
                                (no ring)
                                (no ring)

@: corroded equipment, not resistant to hostile enchantments, quite stealthy
A: almost no armour, amphibious, 8 rings, constrict 8, camouflage 1, gelatinous
body 1
a: Renounce Religion


You were on level 6 of the Dungeon.
You worshipped Dithmenos.
Dithmenos was noncommittal.
You were not hungry.

You visited 2 branches of the dungeon, and saw 7 of its levels.

You collected 226 gold pieces.

Inventory:

Hand Weapons
 a - a +1 dagger
 s - a +4 rapier of electrocution (weapon)
 H - a cursed -3 dagger
Missiles
 p - 8 tomahawks (quivered)
Jewellery
 m - an uncursed ring of fire {unknown}
 E - a cursed -5 ring of slaying {unknown}
Wands
 F - a wand of polymorph (7)
Scrolls
 f - 2 scrolls of remove curse {unknown}
 g - 3 scrolls of immolation {unknown}
 l - a scroll of enchant weapon {unknown}
 n - 3 scrolls of identify {unknown}
 o - 2 scrolls of noise {unknown}
 r - a scroll of recharging {unknown}
 t - a scroll of teleportation {unknown}
 x - 2 scrolls of amnesia {unknown}
 y - a scroll of blinking {unknown}
 A - a scroll of enchant armour {unknown}
Potions
 d - a potion of cancellation {unknown}
 e - 2 potions of flight
 i - a potion of heal wounds {unknown}
 j - a potion of agility {unknown}
 k - a potion of cure mutation {unknown}
 q - 2 potions of magic {unknown}
 u - 2 potions of lignification {unknown}
 v - a potion of resistance {unknown}
 w - a potion of brilliance {unknown}
 z - a potion of might {unknown}
 B - 2 potions of curing
 C - 2 potions of degeneration {unknown}
 D - 2 potions of haste {unknown}
Books
 b - a book of Maledictions

   Spells                             Type                      Level
   a - Corona                         Hexes                        1
   b - Ensorcelled Hibernation        Hexes/Ice                    2
   c - Confuse                        Hexes                        3
   d - Tukima's Dance                 Hexes                        3
   e - Dazzling Spray                 Conjuration/Hexes            3
Comestibles
 c - 4 bread rations
 h - 3 meat rations


   Skills:
 + Level 2.4 Short Blades
 + Level 3.6 Dodging
 - Level 6.5 Stealth
 + Level 2.6 Spellcasting
 * Level 4.4 Hexes
 + Level 0.6 Ice Magic


You had 4 spell levels left.
You knew the following spells:

 Your Spells              Type           Power        Failure   Level  Hunger
a - Corona                Hex            ###....      2%          1    #......
b - Ensorcelled Hibernat  Hex/Ice        ##....       10%         2    ##.....
c - Tukima's Dance        Hex            ###.....     10%         3    ###....


Dungeon Overview and Level Annotations

Branches:
Dungeon (6/15)             Temple (1/1) D:5

Altars:
Cheibriados
Dithmenos
Elyvilon
Fedhas
Gozag
Kikubaaqudgha
Makhleb
Nemelex Xobeh
Qazlal
Ru
Vehumet
Xom
Yredelemnul
Zin
The Shining One

Shops:
D:4 (

Annotations:
D:5 miniluv's ghost, novice HaAs


Innate Abilities, Weirdness & Mutations

You cannot wear most types of armour.
You are amphibious.
You can wear up to eight rings at the same time.
You can use your tentacles to constrict eight enemies at once.
Your skin changes colour to match your surroundings (Stealth).
Your rubbery body absorbs attacks (AC +1).


Message History

The orc wizard flickers and vanishes!
Deactivating autopickup; reactivate with Ctrl-A.
The jelly misses you. The orc closely misses you.
You hear some strange, mumbled words.
A puff of flame appears from out of thin air!
The puff of flame hits you!
All of the chunks of flesh in your inventory have rotted away.
You puncture the jelly! The acid corrodes you!
Your tentacles burn!
You squeeze the jelly.
The jelly is severely wounded.
You constrict something. Dithmenos accepts your kill.
Dithmenos appreciates your extinguishing a source of fire.
Reactivating autopickup.
You feel a bit more experienced. The jelly hits you.
* * * LOW HITPOINT WARNING * * *
You are splashed with acid!
The acid corrodes you!
The acid burns!
* * * LOW HITPOINT WARNING * * *
The orc closely misses you. The jelly hits you.
You die...

...... #..... #.... ...#
#..# #..# ########
###..#####.......
########.......##.#.....
......o@.#..##.##.#.....
......)J.#..##.##.#.....
......).?#..##....#.....
.....$.....>#######.....
######+#.#### #..... #..
##+#.. #........ #..
##....... ####.. ......
#.....


You could see a jelly and an orc.

Vanquished Creatures
  Crazy Yiuf (D:3)
  3 orc wizards
  7 adders
  2 oozes
  4 worms
  2 giant geckos (D:3)
  10 orcs
  5 hobgoblins
  11 jackals
  11 kobolds
  5 quokkas
  5 bats
  6 giant cockroaches
  4 giant newts
  9 goblins
  5 rats
90 creatures vanquished.

Vanquished Creatures (collateral kills)
  Edmund (D:6)
1 creature vanquished.

Vanquished Creatures (others)
  An adder (D:5)
1 creature vanquished.

Grand Total: 92 creatures vanquished

Notes
Turn   | Place    | Note
--------------------------------------------------------------
     0 | D:1      | Raultor the Octopode Enchanter began the quest for the Orb.
     0 | D:1      | Reached XP level 1. HP: 11/11 MP: 3/3
     2 | D:1      | Noticed an electric eel
   167 | D:1      | Reached XP level 2. HP: 17/17 MP: 5/5
   176 | D:1      | Learned a level 2 spell: Ensorcelled Hibernation
   870 | D:1      | Reached XP level 3. HP: 21/21 MP: 6/6
  1168 | D:2      | Reached skill level 5 in Stealth
  1179 | D:2      | Reached XP level 4. HP: 12/27 MP: 2/7
  1189 | D:2      | Learned a level 3 spell: Tukima's Dance
  1546 | D:2      | Found a burning altar of Makhleb.
  1546 | D:2      | Found a basalt altar of Yredelemnul.
  1547 | D:2      | Found a sacrificial altar of Ru.
  1983 | D:3      | Reached skill level 6 in Stealth
  2009 | D:3      | Reached XP level 5. HP: 31/31 MP: 5/8
  2051 | D:3      | Found a snail-covered altar of Cheibriados.
  2311 | D:3      | Noticed Crazy Yiuf
  2316 | D:3      | Killed Crazy Yiuf
  2416 | D:3      | Found an opulent altar of Gozag.
  2590 | D:4      | Found Git Ruru's Weapon Shoppe.
  3312 | D:5      | Entered Level 5 of the Dungeon
  3328 | D:5      | Noticed miniluv's ghost (novice HaAs)
  3328 | D:5      | Found a staircase to the Ecumenical Temple.
  3641 | D:5      | Found a radiant altar of Vehumet.
  3724 | Temple   | Entered the Ecumenical Temple
  3732 | Temple   | Became a worshipper of Dithmenos the Shadowed
  3999 | D:5      | Reached XP level 6. HP: 30/36 MP: 9/9
  4089 | D:5      | Found a glowing golden altar of the Shining One.
  4546 | D:6      | Noticed Edmund
  4554 | D:6      | Killed Edmund
  4559 | D:6      | Slain by a jelly

Vault maps used:
D:1:      arrival_aquarium_a
D:2:      gammafunk_temple_overflow_claw
D:3:      cheibriados_altar_1, grunt_gozag_statues, uniq_crazy_yiuf_cottage
D:4:      serial_shops, nicolae_shop_crystal, first_bread
D:5:      fiery_altar_vehumet, overflow_temple_1_default, tgw_trog,
          lemuel_doored_altar, minmay_temple_entry_glass
D:6:      kennysheep_mini, serial_shops, shop, minivault_27, tgw_xom,
          uniq_edmund
Temple:   nicolae_temple_no_exploring_needed

Action                   |  1- 3 |  4- 6 || total
-------------------------+-------+-------++-------
Melee: Dagger            |    53 |    43 ||    96
       Rapier            |       |    59 ||    59
 Cast: Ensorcelled Hiber |     4 |     7 ||    11
       Tukima's Dance    |       |     6 ||     6
  Use: Potion            |     2 |     2 ||     4
 Stab: Sleeping          |    18 |    21 ||    39
       Distracted        |       |     1 ||     1
  Eat: Chunk             |     1 |    10 ||    11
       Beef jerky        |       |     1 ||     1
